 Dungeon Crawl Stone Soup version 0.29.1-2-gbd0b4ee654 (webtiles) character file.

Game seed: 1066319937030097568

1605 safid the Skirmisher (level 8, -9/74 HPs)
             Began as a Minotaur Hunter on Oct 25, 2022.
             Was an Initiate of Okawaru.
             Mangled by a wyvern (13 damage)
             ... on level 7 of the Dungeon.
             The game lasted 00:13:18 (7240 turns).

safid the Skirmisher (Minotaur Hunter)              Turns: 7240, Time: 00:13:18

Health: -9/74      AC: 10    Str: 17    XL:     8   Next: 63%
Magic:  9/9        EV: 10    Int:  6    God:    Okawaru [......]
Gold:   131        SH:  0    Dex: 15    Spells: 7/7 levels left

rFire   . . .      SeeInvis .   a - +0 shortbow
rCold   . . .      Faith    .   (shield currently unavailable)
rNeg    . . .      Spirit   .   d - +0 scale mail
rPois   .          Reflect  .   (helmet restricted)
rElec   .          Harm     .   b - +2 cloak
rCorr   .          Rampage  .   (no gloves)
Will    +....                   p - +0 pair of boots
Stlth   ..........              (no amulet)
HPRegen 0.22/turn               k - ring of willpower
MPRegen 0.11/turn               (no ring)

@: no status effects
A: horns 2, retaliatory headbutt
a: Renounce Religion


You were on level 7 of the Dungeon.
You worshipped Okawaru.
Okawaru was noncommittal.
You visited 2 branches of the dungeon, and saw 8 of its levels.
You also visited: Sewer.

You collected 335 gold pieces.
You spent 204 gold pieces at shops.

Inventory:

Hand Weapons
 a - a +0 shortbow (weapon)
Armour
 b - a +2 cloak (worn)
 d - a +0 scale mail (worn)
 p - a +0 pair of boots (worn)
Jewellery
 k - a ring of willpower (left hand)
Wands
 m - a wand of flame (29)
Scrolls
 e - 2 scrolls of magic mapping
 f - a scroll of butterflies {unknown}
 g - 2 scrolls of teleportation
 n - 2 scrolls of enchant armour
 r - 2 scrolls of brand weapon
Potions
 l - a potion of resistance {unknown}
 q - a potion of flight
 t - a potion of berserk rage {unknown}
 v - 2 potions of might
 w - a potion of haste {unknown}
 z - a potion of mutation {unknown}


   Skills:
 - Level 8.0 Fighting
 + Level 10.1 Ranged Weapons
 - Level 2.1 Dodging
 - Level 0.7 Stealth
 + Level 3.1 Invocations


You had 7 spell levels left.
You didn't know any spells.
Your spell library contained the following spells:

 Spells                   Type           Power      Damage    Failure   Level
 Foxfire                  Conj/Fire      0%         2x1d4     88%         1
 Ensorcelled Hibernation  Hex/Ice        0%         N/A       95%         2
 Passwall                 Tmut/Erth      0%         N/A       95%         2
 Conjure Flame            Conj/Fire      0%         6-21      99%         3
 Inner Flame              Hex/Fire       0%         N/A       99%         3
 Swiftness                Air            0%         N/A       99%         3
 Flame Wave               Conj/Fire      0%         2d4       100%        4


Dungeon Overview and Level Annotations

Branches:
Dungeon (6/15)             Temple (1/1) D:5           Sewer (visited)

Altars:
Ashenzari
Cheibriados
Dithmenos
Fedhas
Gozag
Kikubaaqudgha
Makhleb
Nemelex Xobeh
Okawaru
Ru
Trog
Vehumet
Wu Jian

Shops:
D:5 *(?[


Innate Abilities, Weirdness & Mutations

You have a pair of horns on your head.
You reflexively headbutt those who attack you in melee.


Message History

You are too injured to fight recklessly!
You are too injured to fight recklessly!
Fire: a) +0 shortbow
Press: ? - help, Q - select action, (/) - cycle Shift-Dir - straight line, f/p - wyvern
Aim: a wyvern (68% to hit)
You shoot an arrow. The arrow hits the wyvern.
The wyvern is lightly wounded.
The wyvern bites you! The wyvern closely misses you.
Fire: a) +0 shortbow
Press: ? - help, Q - select action, (/) - cycle Shift-Dir - straight line, f/p - wyvern
Aim: a wyvern (68% to hit)
You shoot an arrow. The arrow hits the wyvern!
The wyvern is moderately wounded.
The wyvern bites you. The wyvern barely misses you. You furiously retaliate!
You headbutt the wyvern.
Unknown command.
Okay, then.
Fire: a) +0 shortbow
Press: ? - help, Q - select action, (/) - cycle Shift-Dir - straight line, f/p - wyvern
Aim: a wyvern (moderately wounded, 68% to hit)
You shoot an arrow.
The arrow hits the wyvern but does no damage.
The wyvern is moderately wounded.
The wyvern barely misses you.
Fire: a) +0 shortbow
Press: ? - help, Q - select action, (/) - cycle Shift-Dir - straight line, f/p - wyvern
Aim: a wyvern (moderately wounded, 68% to hit)
You shoot an arrow. The arrow hits the wyvern!
The wyvern is severely wounded.
The wyvern bites you!
* * * LOW HITPOINT WARNING * * *
The wyvern bites you!
* * * LOW HITPOINT WARNING * * *
Fire: a) +0 shortbow
Press: ? - help, Q - select action, (/) - cycle Shift-Dir - straight line, f/p - wyvern
Aim: a wyvern (severely wounded, 68% to hit)
You shoot an arrow. The arrow barely misses the wyvern.
The wyvern bites you but does no damage.
The wyvern bites you!
You die...

#)#.#.######
#.#.### #.#.#
#.#.# #.#.#
#.#.# #.#.#^#
#.....########.#
###.#...@../...#
#......l.#####
#...####.# #..[#
.# #...# # #...#
....# ##.#.#


You could see a wyvern.

Vanquished Creatures
  Sigmund (D:2)
  Edmund (D:4)
  An ice beast (D:6)
  A black bear (D:4)
  3 kobold brigands (Sewer)
  A necrophage (D:6)
  A scorpion (D:5)
  3 wights (D:7)
  5 killer bees (D:5)
  A jelly (D:5)
  An orc priest (D:6)
  A hound (D:5)
  3 iguanas
  An orc wizard (D:6)
  A gnoll (D:2)
  12 adders
  2 river rats
  An ufetubus (D:5)
  6 worms
  2 dart slugs
  9 orcs
  9 ball pythons
  8 endoplasms
  A giant cockroach (D:4)
  4 goblins
  2 hobgoblins
  2 jackals (D:2)
  10 kobolds
  4 quokkas
  7 bats
  5 frilled lizards
  8 rats
117 creatures vanquished.

Notes
Turn   | Place    | Note
-------+----------+-------------------------------------------
     0 | D:1      | safid the Minotaur Hunter began the quest for the Orb.
     0 | D:1      | Reached XP level 1. HP: 18/18 MP: 0/0
   146 | D:1      | Reached XP level 2. HP: 19/25 MP: 1/1
   671 | D:1      | Found a faded altar of an unknown god.
   750 | D:2      | Noticed Sigmund
  2281 | D:2      | Killed Sigmund
  2282 | D:2      | Reached skill level 5 in Fighting
  2282 | D:2      | Reached skill level 6 in Ranged Weapons
  2282 | D:2      | Reached XP level 3. HP: 22/36 MP: 2/2
  2282 | D:2      | Reached XP level 4. HP: 26/42 MP: 3/3
  2282 | D:2      | Reached XP level 5. HP: 30/48 MP: 4/4
  3067 | D:3      | Found a radiant altar of Vehumet.
  3202 | D:3      | Found Erijic's General Store.
  3295 | D:3      | Reached XP level 6. HP: 56/56 MP: 5/5
  3716 | D:4      | Found a glowing drain.
  3748 | Sewer    | Entered a sewer
  4341 | Sewer    | Reached skill level 7 in Ranged Weapons
  4458 | Sewer    | Reached XP level 7. HP: 64/64 MP: 6/6
  4886 | D:4      | Noticed Edmund
  4906 | D:4      | Killed Edmund
  4907 | D:4      | Reached skill level 8 in Ranged Weapons
  5344 | D:5      | Entered Level 5 of the Dungeon
  5423 | D:5      | Reached XP level 8. HP: 30/74 MP: 7/7
  5433 | D:5      | Reached skill level 9 in Ranged Weapons
  5907 | D:5      | Found Jemoatin's Weapon Boutique.
  5922 | D:5      | Found Burgh's General Store.
  5924 | D:5      | Found Oticoaz's Magic Scroll Boutique.
  5932 | D:5      | Found Xukluu's Armour Boutique.
  5935 | D:5      | Bought a scroll of teleportation for 42 gold pieces
  5939 | D:5      | Bought a scroll of blinking for 90 gold pieces
  5939 | D:5      | Bought a scroll of identify for 24 gold pieces
  5939 | D:5      | Bought a scroll of identify for 24 gold pieces
  5939 | D:5      | Bought a scroll of identify for 24 gold pieces
  6020 | D:5      | Found a staircase to the Ecumenical Temple.
  6038 | Temple   | Entered the Ecumenical Temple
  6099 | Temple   | Became a worshipper of Warmaster Okawaru
  6319 | D:6      | Found a bloodstained altar of Trog.
  6320 | D:6      | Found a burning altar of Makhleb.
  6323 | D:6      | Found a shadowy altar of Dithmenos.
  6426 | D:6      | HP: 1/74 [something (6)]
  6455 | D:6      | Reached skill level 1 in Invocations
  6981 | D:6      | You fall into a shaft and drop 1 floor!
  7011 | D:7      | Reached skill level 10 in Ranged Weapons
  7240 | D:7      | Mangled by a wyvern

Illustrated notes

Levels and vault maps discovered:
D:1:      saegor_arrival_simple_e, layout_rooms,
          shapermc_ecumenical_altar_mp_vishouse
D:2:      layout_rooms, cheibrodos_gnoll_hut, uniq_sigmund
D:3:      layout_basic, vehumet_altar_wand_db, serial_shops,
          nicolae_shop_hallway_plus
D:4:      layout_basic, portal_sewer_entry_a, uniq_edmund
D:5:      layout_rooms, minmay_temple_entry_offerings, minmay_shop_grid_forest
D:6:      layout_basic, grunt_temple_overflow_open,
          minmay_misc_feat_more_columns
D:7:      layout_basic, serial_shops, nicolae_shop_trees,
          kennysheep_small_circle, uniq_menkaure
Temple:   jpeg_temple_clearing

Skill      XL: |  1  2  3  4  5  6  7  8 |
---------------+-------------------------+-----
Fighting       | 5 6 8 |  8.0
Ranged Weapons | 6 7 8 10 | 10.1
Invocations    | 3 |  3.1
Dodging        | |  2.1
Stealth        | |  0.7

Action                   |  1- 3 |  4- 6 |  7- 9 || total
-------------------------+-------+-------+-------++-------
 Fire: Shortbow          |   113 |   246 |   233 ||   592
  Use: Potion            |       |       |     7 ||     7
       Scroll            |       |       |    10 ||    10
Armor: Scale mail        |    31 |    64 |    67 ||   162
       Leather armour    |     1 |       |       ||     1
       Skin              |       |       |    41 ||    41
Dodge: Dodged            |    31 |    71 |    66 ||   168
